 Dungeon Crawl Stone Soup version 0.29.1-15-g9cfb28693d (webtiles) character file.

Game seed: 9089949624872721695

457 Heoruswealwe the Magician (level 6, -3/32 HPs)
             Began as a Deep Elf Earth Elementalist on Mar 20, 2023.
             Slain by a red devil
             ... wielding a +0 demon trident
             ... summoned by an orc sorcerer
             ... led by the fury of Okawaru
              (13 damage)
             ... on level 3 of the Dungeon.
             The game lasted 00:36:48 (2983 turns).

Heoruswealwe the Magician (DEEE)                    Turns: 2983, Time: 00:36:50

Health: -3/32      AC:  6    Str:  8    XL:     6   Next: 77%
Magic:  14/15      EV: 12    Int: 22    God:
Gold:   211        SH:  0    Dex: 15    Spells: 5/15 levels left

rFire   . . .      SeeInvis .   a - staff of earth
rCold   . . .      Faith    .   (no shield)
rNeg    . . .      Spirit   .   b - +0 robe
rPois   .          Reflect  .   d - +0 helmet
rElec   .          Harm     .   (no cloak)
rCorr   +          Rampage  .   e - +0 pair of gloves
Will    +....                   c - +1 pair of boots
Stlth   ++........              (no amulet)
HPRegen 0.10/turn               f - ring of Seskav {+Blink Will+ rCorr Str+3}
MPRegen 0.14/turn               (no ring)

@: no status effects
A: no striking features
a: Evoke Blink


You were on level 3 of the Dungeon.
You visited 1 branch of the dungeon, and saw 3 of its levels.

You collected 211 gold pieces.

Inventory:

Armour
 b - a +0 robe (worn)
 c - a +1 pair of boots (worn)
 d - a +0 helmet (worn)
 e - a +0 pair of gloves (worn)
Magical Staves
 a - a staff of earth (weapon)
Jewellery
 f - the ring of Seskav (left hand) {+Blink Will+ rCorr Str+3}
   (You found it on level 3 of the Dungeon)

   [ring of resist corrosion]

   Str:       It affects your strength (+3).
   +Blink:    It lets you blink.
   rCorr:     It protects you from acid and corrosion.
   Will:      It increases your willpower.
Wands
 v - a wand of mindburst (12)
Scrolls
 g - 2 scrolls of teleportation
 h - a scroll of enchant armour
 j - a scroll of magic mapping
 o - a scroll of enchant weapon {unknown}
 p - a scroll of fear
 w - a scroll of fog {unknown}
Potions
 i - 4 potions of curing {unknown}
 k - 2 potions of flight {unknown}
 m - 2 potions of brilliance {unknown}
 n - a potion of ambrosia {unknown}
 q - 2 potions of degeneration {unknown}
 r - a potion of heal wounds {unknown}
 s - a potion of mutation {unknown}
 t - a potion of invisibility {unknown}


   Skills:
 - Level 2.4 Dodging
 - Level 2.4 Stealth
 + Level 5.0 Spellcasting
 + Level 3.2 Conjurations
 + Level 3.4 Transmutations
 + Level 4.8 Earth Magic
 + Level 3.1 Evocations


You had 5 spell levels left.
You knew the following spells:

 Your Spells              Type           Power      Damage    Failure   Level
a - Sandblast             Erth           80%        2d17      1%          1
b - Passwall              Tmut/Erth      29%        N/A       2%          2
c - Stone Arrow           Conj/Erth      68%        3d11      6%          3
d - Petrify               Tmut/Erth      35%        N/A       19%         4

Your spell library contained the following spells:

 Spells                   Type           Power      Damage    Failure   Level
 Portal Projectile        Hex/Tloc       10%        N/A       30%         3
 Tukima's Dance           Hex            5%         N/A       30%         3
 Animate Armour           Summ/Erth      48%        N/A       36%         4
 Blade Hands              Tmut           10%        N/A       56%         5
 Borgnjor's Vile Clutch   Necr/Erth      12%        N/A       71%         5
 Shatter                  Erth           20%        3d18*     100%        9


Dungeon Overview and Level Annotations

Branches:
Dungeon (3/15)

Altars:
Nemelex Xobeh


Message History

Casting: Sandblast (safe; 1% risk of failure)
Confirm with . or Enter, or press ? or * to list all spells.
Aiming: Sandblast (safe; 1% risk of failure)
Press: ? - help, Shift-Dir - straight line, f/p - orc sorcerer
Aim: an orc sorcerer, wielding a +0 dagger and wearing a +0 robe (moderately wounded, durably summoned, 81% to hit)
You feel a surge of power!
The blast of sand hits something!
Reactivating autopickup.
You feel stable enough to blink again.
The orc sorcerer hits you with a +0 dagger.
Casting: Sandblast (safe; 1% risk of failure)
Confirm with . or Enter, or press ? or * to list all spells.
Okay, then.
You fail to use your ability.
You fail to use your ability.
The orc sorcerer hits you with a +0 dagger.
You blink.
Magic courses through your body.
You are too injured to fight recklessly!
The orc sorcerer casts a spell.
You are too injured to fight recklessly!
You feel stable enough to blink again.
The orc knight roars a battlecry!
The orc goes into a battle-frenzy!
You are too injured to fight recklessly!
Casting: Sandblast (safe; 1% risk of failure)
Confirm with . or Enter, or press ? or * to list all spells.
Aiming: Sandblast (safe; 1% risk of failure)
Press: ? - help, Shift-Dir - straight line, f - red devil
Aim: a red devil, wielding a +0 demon trident (summoned, 79% to hit)
You feel a surge of power!
The blast of sand hits the red devil!!
The red devil is severely wounded.
Casting: Sandblast (safe; 1% risk of failure)
Confirm with . or Enter, or press ? or * to list all spells.
Aiming: Sandblast (safe; 1% risk of failure)
Press: ? - help, Shift-Dir - straight line, f/p - red devil
Aim: a red devil, wielding a +0 demon trident (severely wounded, summoned, 79% to hit)
You feel a surge of power!
The blast of sand hits the red devil!
The red devil is almost dead.
The red devil hits you from afar with a +0 demon trident!
You die...

#...........##.#.###.#.#
#..........###.#.....#..
#######)#o.# #.#.###.#..
#.#.o###.#.....#..
###..o#....###.###..
#...oo....)...†.....
#..4###.#######..#.. #.......#
#.....#.. #..@##..# #.#####..
#...#<..# #........ ##...###.#
########. #........# #.
#############..########## ##.
...#.......#............# #..
.?.#.........##########.# ###.#
...#.......### #.....# #...#
####.......########.##..#####'###


You could see an orc sorcerer (strong), a red devil (summoned) and an orc
(strong).

Vanquished Creatures
  Grinder (D:3)
  An orc warrior (D:3)
  A scorpion (D:3)
  Natasha (thrice) (D:3)
  An orc wizard (D:3)
  Robin (D:2)
  4 adders
  A worm (D:2)
  3 dart slugs (D:1)
  4 orcs (D:3)
  8 endoplasms
  2 giant cockroaches (D:3)
  15 goblins
  11 hobgoblins
  3 quokkas
  5 ball pythons
  9 bats
  2 frilled lizards
  4 kobolds
  5 rats
84 creatures vanquished.

Vanquished Creatures (others)
  7 plants (D:1)
7 creatures vanquished.

Grand Total: 91 creatures vanquished

Notes
Turn   | Place    | Note
-------+----------+-------------------------------------------
     0 | D:1      | Heoruswealwe the Deep Elf Earth Elementalist began the
                  | quest for the Orb.
     0 | D:1      | Reached XP level 1. HP: 10/10 MP: 6/6
    80 | D:1      | Reached XP level 2. HP: 15/15 MP: 5/8
   176 | D:1      | Reached skill level 1 in Evocations
   202 | D:1      | Reached skill level 1 in Conjurations
   565 | D:1      | Found a faded altar of an unknown god.
   582 | D:1      | Prayed at the altar of an unknown god.
   582 | D:1      | Became a worshipper of Nemelex Xobeh the Trickster
   582 | D:1      | Reached * piety under Nemelex Xobeh
   586 | D:1      | Fell from the grace of Nemelex Xobeh
   595 | D:1      | Reached XP level 3. HP: 19/19 MP: 6/9
   640 | D:1      | Learned a level 2 spell: Passwall
   644 | D:1      | Learned a level 3 spell: Stone Arrow
  1304 | D:2      | Got the Omnibus of the Geologist and Transmogrification
  1408 | D:2      | Noticed Robin
  1418 | D:2      | Killed Robin
  1444 | D:2      | Reached XP level 4. HP: 24/24 MP: 2/11
  2103 | D:1      | Learned a level 4 spell: Petrify
  2213 | D:3      | Identified the ring of Seskav {+Blink Will+ rCorr Str+3}
  2527 | D:3      | Noticed Grinder
  2536 | D:3      | Killed Grinder
  2537 | D:3      | Reached skill level 4 in Spellcasting
  2537 | D:3      | Reached XP level 5. HP: 20/28 MP: 5/13
  2537 | D:3      | Reached XP level 6. HP: 23/32 MP: 5/14
  2729 | D:3      | Noticed Natasha
  2732 | D:3      | Killed Natasha
  2811 | D:3      | Noticed Natasha
  2814 | D:3      | Killed Natasha
  2848 | D:3      | Reached skill level 5 in Spellcasting
  2919 | D:3      | Noticed Natasha
  2927 | D:3      | Killed Natasha
  2942 | D:3      | Noticed an orc warrior
  2942 | D:3      | Noticed an orc knight
  2942 | D:3      | Noticed an orc warrior
  2942 | D:3      | Noticed an orc sorcerer
  2957 | D:3      | Killed an orc warrior
  2981 | D:3      | Noticed a red devil
  2983 | D:3      | Slain by a red devil

Illustrated notes

Levels and vault maps discovered:
D:1:      spicycebolla_arrival_transporter_tutorial, layout_loops_cross,
          serial_forest, infiniplex_forest_straight_2,
          infiniplex_forest_clump_small, infiniplex_forest_straight_4,
          infiniplex_forest_clump_small, infiniplex_forest_clump_curved,
          infiniplex_forest_lined_corner, chequers_ecumenical_altar_island,
          minmay_hedge_maze
D:2:      layout_loops_ring, uniq_robin
D:3:      minmay_chambers_of_threes, layout_basic, minmay_checkerbox,
          uniq_grinder, uniq_natasha

Skill      XL: |  1  2  3  4  5  6 |
---------------+-------------------+-----
Evocations     | 1 2 3 |  3.1
Conjurations   | 1 2 3 |  3.2
Transmutations | 2 3 |  3.4
Earth Magic    | 4 |  4.8
Spellcasting   | 4 5 |  5.0
Dodging        | |  2.4
Stealth        | |  2.4

Action                   |  1- 3 |  4- 6 || total
-------------------------+-------+-------++-------
Melee: Dagger            |    26 |       ||    26
       Staff             |   385 |       ||   385
       Punch             |     5 |       ||     5
 Cast: Sandblast         |    46 |    73 ||   119
       Passwall          |     2 |     3 ||     5
Invok: Renounce Religion |     1 |       ||     1
 Abil: Evoke Blink       |       |     4 ||     4
  Use: Scroll            |       |     6 ||     6
       Potion            |       |     1 ||     1
Armor: Robe              |     4 |     5 ||     9
Dodge: Dodged            |     4 |    10 ||    14
